 Dungeon Crawl Stone Soup version 0.27.1-35-g4d5d836560 (webtiles) character file.

Game seed: 15538749997466748345

23891 Delamore the Blocker (level 13, -5/81 HPs)
             Began as an Octopode Brigand on Apr 21, 2022.
             Was an Initiate of Gozag.
             Slain by an eight-headed hydra (13 damage)
             ... on level 4 of the Lair of Beasts.
             The game lasted 00:16:42 (18571 turns).

Delamore the Blocker (Octopode Brigand)            Turns: 18571, Time: 00:16:43

Health: -5/81      AC:  4    Str: 13    XL:     13   Next: 9%
Magic:  13/13      EV: 19    Int: 23    God:    Gozag
Gold:   1098       SH: 19    Dex: 19    Spells: 12/12 levels left

rFire    . . .     SeeInvis .   A - +10 whip of Disembowelment {venom, Str+3 Int+4}
rCold    . . .     Faith    .   m - +1 kite shield {AC+3}
rNeg     + + .     Spirit   .   (helmet restricted)
rPois    .         Reflect  +   t - amulet of reflection
rElec    .         Harm     .   i - ring of positive energy
rCorr    .         Rampage  .   v - +6 ring of intelligence
Will     .....                  y - ring of positive energy
Stlth    ++++++....             z - +4 ring of evasion
HPRegen  0.23/turn              (no ring)
MPRegen  0.13/turn              (no ring)
                                (no ring)
                                (no ring)

@: no status effects
A: almost no armour, amphibious, 8 rings, camouflage 1, gelatinous body 1,
(nimble swimmer 1), tentacles
a: Renounce Religion, Potion Petition, Call Merchant, Bribe Branch


You were on level 4 of the Lair of Beasts.
You worshipped Gozag.
Gozag was most pleased with you.
You visited 2 branches of the dungeon, and saw 13 of its levels.
You also visited: Sewer.

You collected 1965 gold pieces.
You paid 867 gold pieces to Gozag.

Inventory:

Hand Weapons
 a - a +2 dagger
 s - a +0 dagger of draining
 A - the +10 whip of Disembowelment (weapon) {venom, Str+3 Int+4}
   (You found it on level 7 of the Dungeon)

   It poisons the flesh of those it strikes.
   Str:       It affects your strength (+3).
   Int:       It affects your intelligence (+4).
Missiles
 b - 41 poisoned darts
 h - 20 javelins (quivered)
 G - 8 silver javelins
 N - 8 boomerangs
 Q - a curare-tipped dart
Armour
 m - a +1 kite shield of protection (worn)
Jewellery
 i - a ring of positive energy (left tentacle)
 t - an amulet of reflection (around mantle)
 v - a +6 ring of intelligence (right tentacle)
 y - a ring of positive energy (on tentacle)
 z - a +4 ring of evasion (on tentacle)
 I - a ring of ice
Wands
 B - a wand of acid (13)
 C - a wand of iceblast (20)
 J - a wand of flame (5)
 L - a wand of digging (6)
 P - a wand of mindburst (18)
 R - a wand of paralysis (3)
Scrolls
 c - 2 scrolls of enchant weapon
 f - 6 scrolls of fear
 k - 3 scrolls of magic mapping
 l - a scroll of fog
 o - 4 scrolls of teleportation
 p - 3 scrolls of blinking
 u - 5 scrolls of enchant armour
 w - 2 scrolls of vulnerability
 E - 4 scrolls of noise
 H - 2 scrolls of immolation
 M - a scroll of amnesia
Potions
 d - a potion of invisibility
 e - 3 potions of brilliance
 g - 2 potions of flight
 j - 4 potions of might
 n - 4 potions of haste
 q - a potion of heal wounds
 r - 3 potions of degeneration
 x - 6 potions of curing
 D - a potion of lignification
 F - a potion of ambrosia
 S - a potion of cancellation {unknown}
Miscellaneous
 O - a condenser vane


   Skills:
 - Level 5.0 Fighting
 - Level 8.5 Short Blades
 - Level 12.0 Maces & Flails
 - Level 5.0 Throwing
 - Level 5.0 Dodging
 - Level 10.0 Stealth
 + Level 12.3 Shields


You had 12 spell levels left.
You didn't know any spells.
Your spell library contained the following spells:

 Spells                   Type           Power      Damage    Failure   Level
 Sting                    Tmut/Pois      0%         1d3       22%         1
 Ensorcelled Hibernation  Hex/Ice        0%         N/A       32%         2
 Poisonous Vapours        Pois/Air       0%         N/A       32%         2
 Sublimation of Blood     Necr           0%         N/A       32%         2
 Wereblood                Tmut           0%         N/A       32%         2
 Inner Flame              Hex/Fire       0%         N/A       54%         3
 Spider Form              Tmut/Pois      0%         N/A       54%         3
 Animate Dead             Necr           0%         N/A       91%         4
 Cause Fear               Hex            0%         N/A       91%         4
 Olgreb's Toxic Radiance  Pois           0%         N/A       91%         4
 Summon Ice Beast         Ice/Summ       0%         N/A       91%         4
 Summon Mana Viper        Hex/Summ       0%         N/A       99%         5
 Shadow Creatures         Summ           N/A        N/A       100%        6
 Haunt                    Necr/Summ      0%         N/A       100%        7
 Monstrous Menagerie      Summ           0%         N/A       100%        7
 Summon Hydra             Summ           0%         N/A       100%        7
 Discord                  Hex            0%         N/A       100%        8
 Infestation              Necr           0%         N/A       100%        8


Dungeon Overview and Level Annotations

Branches:
Dungeon (9/15)             Temple (0/1) D:6            Lair (4/6) D:9
 Shoals (0/4) Lair:3        Snake (0/4) Lair:3        Sewer (visited)
    Orc: D:9-12

Altars:
Cheibriados
Gozag
Hepliaklqana
Kikubaaqudgha
Makhleb
Okawaru
Trog
Wu Jian

Shops:
Lair:1 (

Annotations:
D:4 1 runed translucent door, Delamore's ghost, amateur OpBr
D:9 2 transporters, MisterT's ghost, novice HOMo
Lair:3 exclusion: 3 oklob plants


Innate Abilities, Weirdness & Mutations

You cannot wear most types of armour.
You are amphibious.
You can wear up to eight rings at the same time.
Your skin changes colour to match your surroundings (Stealth+).
Your rubbery body absorbs attacks. (AC +1, EV +1)
((You are camouflaged near water. (Stealth+)))
You have tentacles for arms and can constrict up to eight enemies at once.


Message History

You squeeze the eight-headed hydra, but do no damage.
The eight-headed hydra is moderately wounded.
You whack the eight-headed hydra!
The eight-headed hydra is moderately wounded.
You block the eight-headed hydra's attack.
The eight-headed hydra bites you but does no damage.
The eight-headed hydra barely misses you.
You block the eight-headed hydra's attack.
The eight-headed hydra bites you!
The eight-headed hydra completely misses you.
The eight-headed hydra barely misses you.
You block the eight-headed hydra's attack.
You are too injured to fight recklessly!
You are too injured to fight recklessly!
You are too injured to fight recklessly!
You are too injured to fight recklessly!
You are too injured to fight recklessly!
You are too injured to fight recklessly!
You are too injured to fight recklessly!
You are too injured to fight recklessly!
You are too injured to fight recklessly!
You are too injured to fight recklessly!
You are too injured to fight recklessly!
You are too injured to fight recklessly!
You hit the eight-headed hydra. You squeeze the eight-headed hydra.
The eight-headed hydra is heavily wounded.
You barely miss the eight-headed hydra.
The eight-headed hydra is heavily wounded.
You block the eight-headed hydra's attack.
The eight-headed hydra bites you.
* * * LOW HITPOINT WARNING * * *
The eight-headed hydra bites you.
* * * LOW HITPOINT WARNING * * *
The eight-headed hydra bites you!
* * * LOW HITPOINT WARNING * * *
The eight-headed hydra bites you!
* * * LOW HITPOINT WARNING * * *
The eight-headed hydra bites you!
You die...
Your body crumbles into a pile of gold.

###.. #....# .#...#
###.....# ##......##
#........# ####
##...?....#
.#.##########...@D...#
..#.##..##.#....#.....#
....##....#...P###.#....
..#..!........## ## #P.
.###........### #
.###.........#
###....<.....#.#
.##............P
###............##


You could see an eight-headed hydra (very poisoned).

Vanquished Creatures
  4 hydras
  A catoblepas (Lair:2)
  4 death yaks (Lair:4)
  A merfolk siren (Lair:3)
  7 cane toads
  A torpor snail (Lair:1)
  A black mamba (Lair:4)
  8 komodo dragons
  A rime drake (Lair:2)
  A hornet (D:9)
  2 polar bears (Lair:3)
  8 dream sheep
  2 wyverns
  17 yaks
  A steam dragon (D:9)
  3 basilisks
  Menkaure (D:7)
  14 water moccasins
  2 orc warriors
  4 black bears
  3 sky beasts
  An ice beast (D:8)
  2 necrophages
  5 ogres
  21 wolves
  A centaur (D:9)
  A phantom (D:6)
  A kobold brigand (D:8)
  14 bullfrogs
  A gnoll sergeant (D:9)
  2 scorpions
  A water moccasin skeleton (D:6)
  8 wights
  5 electric eels
  2 howler monkeys (D:8)
  3 centaur zombies
  3 hounds
  2 bullfrog zombies (D:5)
  4 orc priests
  A centaur skeleton (D:7)
  A jelly (D:4)
  3 iguanas
  Jessica (D:2)
  Terence (D:2)
  An orc wizard (D:4)
  A hound skeleton (D:4)
  A howler monkey skeleton (D:7)
  5 gnolls (D:9)
  8 river rats
  5 adders
  A shadow imp (D:7)
  An adder skeleton (D:5)
  2 dart slugs (D:1)
  21 orcs
  7 ball pythons
  5 endoplasms
  2 giant cockroaches
  9 goblins
  3 hobgoblins
  2 jackals (D:2)
  12 kobolds
  5 quokkas
  3 bats
  10 frilled lizards
  A jackal skeleton (D:4)
  18 rats
293 creatures vanquished.

Vanquished Creatures (others)
  43 fungi
  65 plants
108 creatures vanquished.

Grand Total: 401 creatures vanquished

Notes
Turn   | Place    | Note
-------+----------+-------------------------------------------
     0 | D:1      | Delamore the Octopode Brigand began the quest for the Orb.
     0 | D:1      | Reached XP level 1. HP: 14/14 MP: 1/1
    58 | D:1      | Reached XP level 2. HP: 19/19 MP: 2/2
   789 | D:1      | Reached XP level 3. HP: 24/24 MP: 3/3
  1626 | D:2      | Reached XP level 4. HP: 29/29 MP: 4/4
  1736 | D:2      | Noticed Terence
  1736 | D:2      | Noticed Jessica
  1747 | D:2      | Killed Terence
  1751 | D:2      | Killed Jessica
  1869 | D:3      | Reached XP level 5. HP: 34/34 MP: 5/5
  2806 | D:4      | Noticed an ogre
  2812 | D:4      | Killed an ogre
  2813 | D:4      | Reached skill level 5 in Short Blades
  2813 | D:4      | Reached XP level 6. HP: 39/39 MP: 6/6
  2838 | D:4      | Found a runed translucent door.
  2838 | D:4      | Noticed Delamore's ghost (amateur OpBr)
  2918 | D:4      | Found a glowing drain.
  2922 | Sewer    | Entered a sewer
  3647 | D:4      | Identified a scroll of acquirement
  3648 | D:4      | Acquired a +1 kite shield of protection
  3840 | D:4      | Reached skill level 1 in Shields
  3840 | D:4      | Reached XP level 7. HP: 45/45 MP: 7/7
  4184 | D:4      | HP: 2/45 [acid (6)]
  4614 | D:4      | Found a bloodstained altar of Trog.
  4628 | D:4      | Found an opulent altar of Gozag.
  4628 | D:4      | Found a hazy altar of Hepliaklqana.
  4628 | D:4      | Found an ornate altar of the Wu Jian Council.
  4640 | D:4      | Found a snail-covered altar of Cheibriados.
  4641 | D:4      | Found a burning altar of Makhleb.
  4648 | D:4      | Became a worshipper of Gozag Ym Sagoz the Greedy
  4770 | D:5      | Entered Level 5 of the Dungeon
  4813 | D:5      | Identified the +1 pair of gloves of Reliy {Int+3}
  4855 | D:5      | Found an ancient bone altar of Kikubaaqudgha.
  5052 | D:5      | Reached XP level 8. HP: 41/50 MP: 8/8
  6485 | D:6      | Found an iron altar of Okawaru.
  6575 | D:6      | Found a staircase to the Ecumenical Temple.
  7032 | D:7      | Identified the +10 whip of Disembowelment {venom, Str+3
                  | Int+4}
  7060 | D:7      | Noticed a yak
  7061 | D:7      | Noticed a yak
  7062 | D:7      | Noticed a yak
  7063 | D:7      | Noticed a yak
  7063 | D:7      | Noticed a yak
  7064 | D:7      | Noticed a yak
  7088 | D:7      | Killed a yak
  7089 | D:7      | Reached skill level 1 in Maces & Flails
  7089 | D:7      | Reached skill level 10 in Stealth
  7089 | D:7      | Reached XP level 9. HP: 16/54 MP: 9/9
  7104 | D:8      | Reached skill level 5 in Shields
  7542 | D:7      | Reached skill level 5 in Maces & Flails
  7797 | D:7      | Noticed Menkaure
  7806 | D:7      | Killed Menkaure
  8963 | D:8      | Reached XP level 10. HP: 63/63 MP: 10/10
  9835 | D:9      | Found a staircase to the Lair.
 10519 | D:9      | Found a transporter.
 10631 | D:9      | Noticed a skeletal warrior
 10706 | D:9      | Noticed a seven-headed hydra
 11155 | D:9      | Found a transporter.
 11157 | D:9      | Noticed MisterT's ghost (novice HOMo)
 11185 | D:9      | Killed a seven-headed hydra
 11600 | Lair:1   | Entered Level 1 of the Lair of Beasts
 11657 | Lair:1   | Noticed a cane toad
 11666 | Lair:1   | Killed a cane toad
 11667 | Lair:1   | Reached skill level 5 in Fighting
 11755 | Lair:1   | Reached skill level 5 in Dodging
 11755 | Lair:1   | Reached XP level 11. HP: 71/71 MP: 11/11
 12294 | Lair:1   | Noticed a four-headed hydra
 12306 | Lair:1   | Killed a four-headed hydra
 13627 | Lair:2   | Reached skill level 10 in Shields
 13817 | Lair:2   | Reached skill level 10 in Maces & Flails
 14292 | Lair:2   | Reached XP level 12. HP: 77/77 MP: 12/12
 14438 | Lair:2   | Noticed a catoblepas
 14466 | Lair:2   | Killed a catoblepas
 15911 | Lair:3   | Noticed a four-headed hydra
 15921 | Lair:3   | Killed a four-headed hydra
 16084 | Lair:3   | Found a staircase to the Shoals.
 16166 | Lair:3   | Noticed a four-headed hydra
 16176 | Lair:3   | Killed a four-headed hydra
 16561 | Lair:3   | Found a staircase to the Snake Pit.
 17116 | Lair:4   | Reached skill level 5 in Throwing
 17786 | Lair:4   | Noticed a death yak
 17788 | Lair:4   | Noticed a death yak
 17788 | Lair:4   | Noticed a death yak
 17790 | Lair:4   | Noticed a death yak
 17807 | Lair:4   | Killed a death yak
 17830 | Lair:4   | Killed a death yak
 17847 | Lair:4   | Killed a death yak
 17848 | Lair:4   | Reached XP level 13. HP: 60/81 MP: 13/13
 18571 | Lair:4   | Slain by an eight-headed hydra

Illustrated notes

Levels and vault maps discovered:
D:1:      ebering_trefoil_3fold, layout_loops_cross, serial_rivers,
          chequers_serial_rivers_micro_d, chequers_serial_rivers_room_b,
          chequers_serial_rivers_small_b, chequers_serial_rivers_small_a,
          chequers_serial_rivers_large_b, kennysheep_nondescript
D:2:      layout_loops_ring, uniq_terence, uniq_jessica
D:3:      layout_loops_ring
D:4:      layout_loops_corners, minmay_overflow_temple_hex,
          gup_sewer_entry_bowl, hellmonk_ghost_happy_afterlife
D:5:      layout_basic, nicolae_kikubaaqudgha_miasma_corner
D:6:      layout_rooms, mainiacjoe_overflow_catwalk,
          minmay_temple_entry_drinking_statues
D:7:      layout_gridville, amethyst_killhole, uniq_menkaure
D:8:      layout_loops_ring, minivault_24, item_on_display_a
D:9:      layout_loops_ring, due_lair_maze_entry_diamond,
          gammafunk_ghost_mausoleum
Lair:1:   layout_cave_pods, serial_bayou_crossing
Lair:2:   layout_regular_city, minivault_19, grunt_megastairs_3,
          infiniplex_staircase_pool
Lair:3:   layout_layer_cave, minmay_shoals_entry_lonely_mermaid,
          minmay_lair_oklob_chamber, serial_bayou_shore_a
Lair:4:   layout_cave_pods

Skill      XL: |  1  2  3  4  5  6  7  8  9 10 11 12 13 |
---------------+----------------------------------------+-----
Short Blades   | 3 4 5 6 7 8 |  8.5
Stealth        | 6 7 8 10 | 10.0
Shields        | 1 2 4 6 7 10 11 12 | 12.3
Maces & Flails | 1 6 7 10 12 | 12.0
Dodging        | 2 5 |  5.0
Fighting       | 3 5 |  5.0
Throwing       | 5 |  5.0

Action                   |  1- 3 |  4- 6 |  7- 9 | 10-12 | 13-15 || total
-------------------------+-------+-------+-------+-------+-------++-------
Melee: Dagger            |    54 |    92 |   132 |       |       ||   278
       Constrict         |     6 |    15 |    33 |    74 |     3 ||   131
       Tentacles         |     4 |    17 |    57 |   155 |    11 ||   244
       Whip              |       |       |    86 |   505 |    32 ||   623
Throw: Dart              |       |    13 |     8 |     4 |       ||    25
       Javelin           |       |       |     1 |     1 |       ||     2
Invok: Potion Petition   |       |       |     1 |       |       ||     1
       Call Merchant     |       |       |       |     1 |       ||     1
Evoke: Wand              |       |       |       |     6 |       ||     6
  Use: Scroll            |     1 |     7 |    10 |     7 |       ||    25
       Potion            |       |       |     3 |     1 |       ||     4
 Stab: Sleeping          |    20 |    29 |    16 |    32 |       ||    97
       Distracted        |       |     1 |       |     3 |       ||     4
Armor: Skin              |       |     2 |    25 |    37 |     1 ||    65
Dodge: Dodged            |    17 |    23 |    65 |   195 |    14 ||   314
Block: Kite shield       |       |       |   128 |   322 |    23 ||   473
